Map: Dasan Station LE

Players

Gracz

  • Race: Protoss Protoss
  • League: Bronze

VANO - Winner!

  • Race: Protoss Protoss

VOD

Have the link to the VOD?

Description

Time

  • Played on: Sept. 16, 2016, 1:52 p.m.
  • Length: 9:54
Show
View Real Time Build Order
Export as new Build Order

Gracz Protoss 

Build Orders:  

Get SALT Encoding   

  12  0:01  Probe (Chrono Boost)  
  13  0:17  Pylon  
  13  0:21  Assimilator  
  13  0:23  Probe (Chrono Boost)  
  14  0:40  Gateway  
  14  1:31  Zealot  
  16  1:36  Probe (Chrono Boost)  
  17  1:46  Probe (Chrono Boost)  
  18  1:57  Probe (Chrono Boost)  
  19  2:07  Probe (Chrono Boost)  
  20  2:15  Zealot  
  22  2:18  Probe (Chrono Boost)  
  23  2:34  Probe (Chrono Boost)  
  21  2:44  Gateway  
  20  2:52  Probe (Chrono Boost)  
  20  2:55  Pylon  
  20  3:03  Pylon, Zealot  
  18  3:14  Probe (Chrono Boost)  
  17  3:22  Pylon  
  17  3:24  Probe (Chrono Boost), Cybernetics Core  
  17  3:34  Nexus  
  17  3:35  Probe (Chrono Boost)  
  16  3:43  Gateway  
  16  4:00  Zealot  
  18  4:55  Gateway  
  18  5:26  Assimilator, Probe (Chrono Boost)  
  19  5:42  Mothership Core (Chrono Boost)  
  21  5:53  Pylon  
  21  6:00  Probe (Chrono Boost)  
  19  6:35  Probe (Chrono Boost)  
  20  6:45  Probe (Chrono Boost)  
  21  6:56  Probe (Chrono Boost)  
  22  7:06  Probe (Chrono Boost)  
  23  7:17  Probe (Chrono Boost)  
  23  7:27  Probe (Chrono Boost)  
  23  7:38  Probe (Chrono Boost)  
  23  8:34  Pylon  
Show
View Real Time Build Order
Export as new Build Order

VANO Protoss - Winner!

Build Orders:  

Get SALT Encoding   

  12  0:19  Pylon  
  12  0:38  Pylon  
  12  0:45  Forge  
  12  1:01  Pylon  
  12  1:05  Pylon  
  11  1:36  Gateway  
  11  1:56  Assimilator  
  11  1:58  Photon Cannon  
  11  2:02  Pylon  
  11  2:08  Photon Cannon  
  10  2:50  Zealot  
  12  3:07  Pylon  
  12  3:17  Zealot  
  14  3:30  Photon Cannon  
  14  3:36  Probe (Chrono Boost)  
  15  3:45  Zealot  
  17  3:51  Pylon  
  17  4:07  Photon Cannon  
  17  4:12  Zealot  
  19  4:37  Pylon  
  18  5:00  Pylon  
  17  5:15  Probe (Chrono Boost)  
  18  5:25  Probe (Chrono Boost)  
  19  5:36  Probe (Chrono Boost)  
  20  5:46  Probe (Chrono Boost)  
  20  5:47  Zealot  
  23  5:57  Probe (Chrono Boost)  
  23  6:11  Pylon  
  23  6:14  Zealot  
  25  6:25  Pylon  
  25  6:41  Zealot  
  25  6:46  Photon Cannon  
  27  6:50  Pylon  
  27  7:07  Photon Cannon  
  27  7:36  Photon Cannon  
  27  7:40  Pylon  
  27  8:03  Pylon  
  26  8:26  Pylon  
  26  8:32  Photon Cannon  
  26  9:36  Photon Cannon  
  26  9:45  Photon Cannon  
Tags
 
Add a new tag
Caveats
  • Supply blocks, unpowered buildings, or Contaminate may cause inaccurate times.
  • Supply counts are checked every 10 seconds.